TOP OF THE 1ST |
Brooklyn Cyclones batting - Pitching for Milwaukee (NYP) Brewers : RHP Zachery Waff
|
Pitching: RHP Zachery Waff
|
|
Batting: LHB Tom Prayer
|
0-0: Ball 1-0: Swinging Strike 1-1: Called Strike 1-2: Ball 2-2: Ball 3-2: Strikes out swinging
|
Batting: RHB Jose Lara
|
0-0: Ground out 5-3 (Groundball, 15, EV 90.0 MPH)
|
Batting: SHB Alex Cavazos
|
0-0: Foul Ball, location: 2F 0-1: Foul Ball, location: 2F 0-2: Strikes out swinging
|
Top of the 1st over - 0 runs, 0 hits, 0 errors, 0 left on base; Brooklyn 0 - Milwaukee (NYP) 0 |
BOTTOM OF THE 1ST |
Milwaukee (NYP) Brewers batting - Pitching for Brooklyn Cyclones : RHP Robbie Beerbower
|
Pitching: RHP Robbie Beerbower
|
|
Batting: RHB Hector Silva
|
0-0: Ball 1-0: Ball 2-0: Foul Ball, location: 2F 2-1: Ball 3-1: Foul Ball, location: 2F 3-2: Strikes out swinging
|
Batting: RHB Brian Landrum
|
0-0: Called Strike 0-1: Ball 1-1: TRIPLE (Line Drive, 78XD, EV 101.9 MPH)
|
Batting: LHB Gabe Harvey
|
0-0: Called Strike 0-1: Ball 1-1: Swinging Strike 1-2: Ball 2-2: Ball 3-2: Strikes out swinging
|
Batting: RHB Rafael Medina
|
0-0: Ball 1-0: Fly out, F7 (Line Drive, 7, EV 84.4 MPH)
|
Bottom of the 1st over - 0 runs, 1 hit, 0 errors, 1 left on base; Brooklyn 0 - Milwaukee (NYP) 0 |
TOP OF THE 2ND |
Brooklyn Cyclones batting - Pitching for Milwaukee (NYP) Brewers : RHP Zachery Waff
|
Batting: RHB Danny Runberg
|
0-0: Called Strike 0-1: Swinging Strike 0-2: Foul Ball, location: 2F 0-2: Ball 1-2: Hit by Pitch
|
Batting: RHB David Kunze
|
0-0: Ball 1-0: Ball 2-0: Called Strike 2-1: Swinging Strike 2-2: Ball 3-2: Grounds into double play, 3-6-3 (Groundball, 34, EV 85.0 MPH)
|
Batting: RHB Chris Artz
|
0-0: Called Strike 0-1: Called Strike 0-2: Ball 1-2: Strikes out looking
|
Top of the 2nd over - 0 runs, 0 hits, 0 errors, 0 left on base; Brooklyn 0 - Milwaukee (NYP) 0 |
BOTTOM OF THE 2ND |
Milwaukee (NYP) Brewers batting - Pitching for Brooklyn Cyclones : RHP Robbie Beerbower
|
Batting: LHB Paul Collins
|
0-0: Foul Ball, location: 2F 0-1: Foul Ball, location: 2F 0-2: Foul Ball, location: 2F 0-2: Strikes out looking
|
Batting: SHB Craig Wright
|
0-0: Ball 1-0: Called Strike 1-1: Foul Ball, location: 2F 1-2: Foul Ball, location: 2F 1-2: Ground out 5-3 (Groundball, 56, EV 91.9 MPH)
|
Batting: RHB Dustin Hartman
|
0-0: Fly out, F8 (Flyball, 8LM, EV 80.6 MPH)
|
Bottom of the 2nd over - 0 runs, 0 hits, 0 errors, 0 left on base; Brooklyn 0 - Milwaukee (NYP) 0 |
TOP OF THE 3RD |
Brooklyn Cyclones batting - Pitching for Milwaukee (NYP) Brewers : RHP Zachery Waff
|
Batting: RHB Mike Hanks
|
0-0: Ball 1-0: Foul Ball, location: 2F 1-1: Swinging Strike 1-2: Strikes out looking
|
Batting: RHB Louwe Starmans
|
0-0: Ball 1-0: Called Strike 1-1: Swinging Strike 1-2: Ball 2-2: Ball 3-2: Strikes out swinging
|
Batting: RHB Rob Bly
|
0-0: Called Strike 0-1: Foul Ball, location: 2F 0-2: Ground out 3-1 (Groundball, 34, EV 101.9 MPH)
|
Top of the 3rd over - 0 runs, 0 hits, 0 errors, 0 left on base; Brooklyn 0 - Milwaukee (NYP) 0 |
BOTTOM OF THE 3RD |
Milwaukee (NYP) Brewers batting - Pitching for Brooklyn Cyclones : RHP Robbie Beerbower
|
Batting: RHB Jeff Cornett
|
0-0: Called Strike 0-1: Ball 1-1: Ball 2-1: Foul Ball, location: 2F 2-2: Ball 3-2: Strikes out swinging
|
Batting: RHB Jamie Youngs
|
0-0: Called Strike 0-1: Ball 1-1: Called Strike 1-2: Foul Ball, location: 2F 1-2: Strikes out swinging
|
Batting: RHB Hector Silva
|
0-0: Ball 1-0: Ball 2-0: Ground out 6-3 (Groundball, 6, EV 88.1 MPH)
|
Bottom of the 3rd over - 0 runs, 0 hits, 0 errors, 0 left on base; Brooklyn 0 - Milwaukee (NYP) 0 |
TOP OF THE 4TH |
Brooklyn Cyclones batting - Pitching for Milwaukee (NYP) Brewers : RHP Zachery Waff
|
Batting: LHB Tom Prayer
|
0-0: SINGLE (Groundball, 34D, EV 91.9 MPH) (infield hit)
|
Batting: RHB Jose Lara
|
0-0: Called Strike Tom Prayer steals 2nd base (no throw) 0-1: Fly out, F2 (Popup, 23F, EV 79.4 MPH)
|
Batting: SHB Alex Cavazos
|
0-0: Ground out 1-3 (Groundball, 13S, EV 71.2 MPH) Tom Prayer to third
|
Batting: RHB Danny Runberg
|
0-0: Foul Ball, location: 2F 0-1: Called Strike 0-2: Foul Ball, location: 2F 0-2: Strikes out swinging
|
Top of the 4th over - 0 runs, 1 hit, 0 errors, 1 left on base; Brooklyn 0 - Milwaukee (NYP) 0 |
BOTTOM OF THE 4TH |
Milwaukee (NYP) Brewers batting - Pitching for Brooklyn Cyclones : RHP Robbie Beerbower
|
Batting: RHB Brian Landrum
|
0-0: Ball 1-0: Foul Ball, location: 2F 1-1: Ground out 5-3 (Groundball, 56S, EV 85.0 MPH)
|
Batting: LHB Gabe Harvey
|
0-0: Ball 1-0: DOUBLE (Flyball, 78D, EV 98.8 MPH)
|
Batting: RHB Rafael Medina
|
0-0: Called Strike 0-1: Ball 1-1: Ball 2-1: Swinging Strike 2-2: Strikes out swinging
|
Batting: LHB Paul Collins
|
0-0: Foul Ball, location: 2F 0-1: Ball 1-1: SINGLE (Line Drive, 56, EV 105.0 MPH) Gabe Harvey to third
|
Batting: SHB Craig Wright
|
0-0: Swinging Strike 0-1: SINGLE (Groundball, 6MD, EV 107.5 MPH) Gabe Harvey scores Paul Collins to second
|
Batting: RHB Dustin Hartman
|
0-0: Ball 1-0: Fielders Choice at 2nd, 5-4 (Groundball, 56, EV 89.4 MPH)
|
Bottom of the 4th over - 1 run, 3 hits, 0 errors, 2 left on base; Brooklyn 0 - Milwaukee (NYP) 1 |
TOP OF THE 5TH |
Brooklyn Cyclones batting - Pitching for Milwaukee (NYP) Brewers : RHP Zachery Waff
|
Batting: RHB David Kunze
|
0-0: Ball 1-0: Called Strike 1-1: Swinging Strike 1-2: Strikes out looking
|
Batting: RHB Chris Artz
|
0-0: Ball 1-0: Foul Ball, location: 2F 1-1: Ball 2-1: Ball 3-1: Base on Balls
|
Batting: RHB Mike Hanks
|
0-0: Fly out, F8 (Line Drive, 8LM, EV 108.8 MPH)
|
Batting: RHB Louwe Starmans
|
0-0: Ball 1-0: SINGLE (Line Drive, 9S, EV 107.5 MPH) Chris Artz to second Runner from 2nd tries for 3rd, SAFE, throw by RF made to third
|
Batting: RHB Rob Bly
|
0-0: Fly out, F5 (Popup, 25F, EV 90.6 MPH)
|
Top of the 5th over - 0 runs, 1 hit, 0 errors, 2 left on base; Brooklyn 0 - Milwaukee (NYP) 1 |
BOTTOM OF THE 5TH |
Milwaukee (NYP) Brewers batting - Pitching for Brooklyn Cyclones : RHP Robbie Beerbower
|
Batting: RHB Jeff Cornett
|
0-0: Foul Ball, location: 2F 0-1: Ground out 4-3 (Groundball, 4, EV 85.0 MPH)
|
Batting: RHB Jamie Youngs
|
0-0: Ball 1-0: Swinging Strike 1-1: Ball 2-1: Called Strike 2-2: Foul Ball, location: 2F 2-2: Strikes out swinging
|
Batting: RHB Hector Silva
|
0-0: Ball 1-0: Called Strike 1-1: Called Strike 1-2: Ball 2-2: Strikes out swinging, 2-3 out at first.
|
Bottom of the 5th over - 0 runs, 0 hits, 0 errors, 0 left on base; Brooklyn 0 - Milwaukee (NYP) 1 |
TOP OF THE 6TH |
Brooklyn Cyclones batting - Pitching for Milwaukee (NYP) Brewers : RHP Zachery Waff
|
Batting: LHB Tom Prayer
|
0-0: Called Strike 0-1: Ball 1-1: Ball 2-1: TRIPLE (Flyball, 89XD, EV 98.1 MPH)
|
Batting: RHB Jose Lara
|
0-0: Foul Ball, location: 2F 0-1: Ball 1-1: Swinging Strike 1-2: Ground out 4-3 (Groundball, 4, EV 82.5 MPH)
|
Batting: SHB Alex Cavazos
|
0-0: Ball 1-0: Called Strike 1-1: Called Strike 1-2: Ball 2-2: Ground out 4-3 (Groundball, 4, EV 78.8 MPH)
|
Batting: RHB Danny Runberg
|
0-0: Called Strike 0-1: Ball 1-1: Ball 2-1: Ball 3-1: Fly out, F7 (Flyball, 78D, EV 97.5 MPH)
|
Top of the 6th over - 0 runs, 1 hit, 0 errors, 1 left on base; Brooklyn 0 - Milwaukee (NYP) 1 |
BOTTOM OF THE 6TH |
Milwaukee (NYP) Brewers batting - Pitching for Brooklyn Cyclones : RHP Robbie Beerbower
|
Batting: RHB Brian Landrum
|
0-0: Foul Ball, location: 2F 0-1: SINGLE (Flyball, 5D, EV 90.6 MPH)
|
Batting: LHB Gabe Harvey
|
0-0: Ball 1-0: Called Strike 1-1: Swinging Strike 1-2: SINGLE (Line Drive, 6D, EV 95.0 MPH) Brian Landrum to second
|
Batting: RHB Rafael Medina
|
0-0: Called Strike 0-1: Ball 1-1: Ball 2-1: Ball 3-1: Fly out, F9 (Flyball, 9S, EV 88.1 MPH)
|
Batting: LHB Paul Collins
|
0-0: Foul Ball, location: 2F 0-1: Ball Brian Landrum steals 3rd base 1-1: Called Strike 1-2: Foul Ball, location: 2F 1-2: Ball 2-2: Strikes out looking
|
Batting: SHB Craig Wright
|
0-0: Called Strike 0-1: Ground out 4-3 (Groundball, 4, EV 101.9 MPH)
|
Bottom of the 6th over - 0 runs, 2 hits, 0 errors, 2 left on base; Brooklyn 0 - Milwaukee (NYP) 1 |
TOP OF THE 7TH |
Brooklyn Cyclones batting - Pitching for Milwaukee (NYP) Brewers : RHP Zachery Waff
|
Batting: RHB David Kunze
|
0-0: Swinging Strike 0-1: Ball 1-1: Ball 2-1: Foul Ball, location: 2F 2-2: Strikes out swinging
|
Pitching: RHP Brian Heimerman
|
|
Batting: RHB Chris Artz
|
0-0: Called Strike 0-1: Called Strike 0-2: Strikes out swinging
|
Batting: RHB Mike Hanks
|
0-0: Called Strike 0-1: SINGLE (Line Drive, 7LS, EV 107.5 MPH)
|
Batting: RHB Louwe Starmans
|
0-0: Ball 1-0: Ball 2-0: Ball 3-0: Base on Balls Mike Hanks to second
|
Batting: RHB Rob Bly
|
0-0: Hit by Pitch Mike Hanks to third Louwe Starmans to second
|
Batting: LHB Tom Prayer
|
0-0: Foul Ball, location: 2F 0-1: Ball 1-1: TRIPLE (Flyball, 9LD, EV 103.8 MPH) Mike Hanks scores Louwe Starmans scores Rob Bly scores
|
Batting: RHB Jose Lara
|
0-0: Ball 1-0: Ball 2-0: Called Strike 2-1: Swinging Strike 2-2: Strikes out swinging
|
Top of the 7th over - 3 runs, 2 hits, 0 errors, 1 left on base; Brooklyn 3 - Milwaukee (NYP) 1 |
BOTTOM OF THE 7TH |
Milwaukee (NYP) Brewers batting - Pitching for Brooklyn Cyclones : RHP Robbie Beerbower
|
Batting: RHB Dustin Hartman
|
0-0: Ball 1-0: Called Strike 1-1: Ball 2-1: Foul Ball, location: 2F 2-2: SINGLE (Groundball, 56D, EV 100.0 MPH)
|
Batting: RHB Jeff Cornett
|
0-0: Called Strike 0-1: Fly out, F8 (Line Drive, 8RD, EV 97.5 MPH)
|
Batting: RHB Jamie Youngs
|
0-0: Called Strike 0-1: Ball 1-1: Ground out 5-3 (Groundball, 56S, EV 61.9 MPH) Dustin Hartman to second
|
Batting: RHB Hector Silva
|
0-0: Ball 1-0: Ball 2-0: Ball 3-0: Called Strike 3-1: SINGLE (Groundball, 56D, EV 98.1 MPH) Dustin Hartman to third Runner from 3rd tries for Home, SAFE, throw by LF to home
|
Pitching: RHP Danny Helm
|
|
Batting: RHB Brian Landrum
|
0-0: Ball Hector Silva steals 2nd base 1-0: Swinging Strike 1-1: Swinging Strike 1-2: Strikes out swinging
|
Bottom of the 7th over - 1 run, 2 hits, 0 errors, 1 left on base; Brooklyn 3 - Milwaukee (NYP) 2 |
TOP OF THE 8TH |
Brooklyn Cyclones batting - Pitching for Milwaukee (NYP) Brewers : RHP Brian Heimerman
|
Pitching: LHP John Miller
|
|
Batting: SHB Alex Cavazos
|
0-0: Ball 1-0: Called Strike 1-1: Ground out 4-3 (Groundball, 4D, EV 85.6 MPH)
|
Batting: RHB Danny Runberg
|
0-0: Foul Ball, location: 2F 0-1: Called Strike 0-2: Ground out 6-3 (Groundball, 6, EV 85.0 MPH)
|
Batting: RHB David Kunze
|
0-0: SOLO HOME RUN (Flyball, 7LD, EV 99.4 MPH), Distance : 360 ft
|
Batting: RHB Chris Artz
|
0-0: Fly out, F3 (Popup, 3, EV 70.0 MPH)
|
Top of the 8th over - 1 run, 1 hit, 0 errors, 0 left on base; Brooklyn 4 - Milwaukee (NYP) 2 |
BOTTOM OF THE 8TH |
Milwaukee (NYP) Brewers batting - Pitching for Brooklyn Cyclones : RHP Danny Helm
|
Batting: LHB Gabe Harvey
|
0-0: Foul Ball, location: 2F 0-1: Foul Ball, location: 2F 0-2: Ground out 1-3 (Groundball, 15S, EV 67.5 MPH)
|
Batting: RHB Rafael Medina
|
0-0: Ball 1-0: Ground out U3 (Groundball, 3, EV 87.5 MPH)
|
Batting: LHB Paul Collins
|
0-0: Called Strike 0-1: Swinging Strike 0-2: Ball 1-2: Ball 2-2: DOUBLE (Line Drive, 9LM, EV 93.8 MPH)
|
Batting: SHB Craig Wright
|
0-0: Ball 1-0: DOUBLE (Flyball, 78D, EV 91.2 MPH) Paul Collins scores
|
Pitching: RHP Amare Golden
|
|
Batting: RHB Dustin Hartman
|
0-0: Called Strike 0-1: Ball 1-1: Ball 2-1: Swinging Strike 2-2: SINGLE (Groundball, 56S, EV 76.2 MPH) (infield hit) Craig Wright to third
|
Batting: RHB Jeff Cornett
|
0-0: Called Strike 0-1: Called Strike 0-2: Ball 1-2: Fly out, F3 (Popup, 3SF, EV 73.1 MPH)
|
Bottom of the 8th over - 1 run, 3 hits, 0 errors, 2 left on base; Brooklyn 4 - Milwaukee (NYP) 3 |
TOP OF THE 9TH |
Brooklyn Cyclones batting - Pitching for Milwaukee (NYP) Brewers : LHP John Miller
|
Batting: RHB Mike Hanks
|
0-0: Ball 1-0: Called Strike 1-1: Ball 2-1: Ball 3-1: Swinging Strike 3-2: Strikes out swinging
|
Batting: RHB Louwe Starmans
|
0-0: Ball 1-0: Ball 2-0: Ball 3-0: Called Strike 3-1: SINGLE (Groundball, 6MS, EV 73.1 MPH) (infield hit)
|
Batting: RHB Rob Bly
|
0-0: Ball 1-0: Ball 2-0: Called Strike 2-1: Foul Ball, location: 2F 2-2: Foul Ball, location: 2F 2-2: Foul Ball, location: 2F 2-2: Foul Ball, location: 2F 2-2: Fly out, F7 (Flyball, 7D, EV 95.6 MPH)
|
Batting: LHB Tom Prayer
|
0-0: Ball 1-0: Swinging Strike 1-1: Foul Ball, location: 2F 1-2: Foul Ball, location: 2F 1-2: Ball 2-2: Foul Ball, location: 2F 2-2: Strikes out swinging
|
Top of the 9th over - 0 runs, 1 hit, 0 errors, 1 left on base; Brooklyn 4 - Milwaukee (NYP) 3 |
BOTTOM OF THE 9TH |
Milwaukee (NYP) Brewers batting - Pitching for Brooklyn Cyclones : RHP Amare Golden
|
Now at 2B: Victor Roca
|
|
Now in RF: Jose Lara
|
|
Batting: RHB Jamie Youngs
|
0-0: Ball 1-0: Called Strike 1-1: Ball 2-1: Ball 3-1: Called Strike 3-2: Foul Ball, location: 2F 3-2: Ground out 6-3 (Groundball, 56, EV 96.9 MPH)
|
Batting: RHB Hector Silva
|
0-0: Foul Ball, location: 2F 0-1: Called Strike 0-2: Foul Ball, location: 2F 0-2: Foul Ball, location: 2F 0-2: Ball 1-2: Ball 2-2: Ball 3-2: Base on Balls
|
Batting: RHB Brian Landrum
|
0-0: Ball 1-0: Ground out 6-3 (Groundball, 6MS, EV 77.5 MPH) Hector Silva to second
|
Batting: LHB Gabe Harvey
|
0-0: Ball 1-0: Swinging Strike 1-1: Called Strike 1-2: Foul Ball, location: 2F 1-2: Strikes out swinging
|
Bottom of the 9th over - 0 runs, 0 hits, 0 errors, 1 left on base; Brooklyn 4 - Milwaukee (NYP) 3 |
|